Map: Berlingrad LE

Players

HORSES - Winner!

  • Race: Zerg Zerg

VOD

Have the link to the VOD?

Description

Time

  • Played on: Dec. 10, 2021, 10:50 p.m.
  • Length: 19:07
Show
View Real Time Build Order
Export as new Build Order

HORSES Zerg - Winner!

Build Orders:  

Get SALT Encoding   

  12  0:05  Drone  
  13  0:14  Drone  
  14  0:23  Overlord  
  14  0:35  Overlord  
  14  1:04  Drone x2  
  16  1:14  Spawning Pool  
  16  1:17  Drone  
  16  1:47  Hatchery  
  15  1:54  Drone  
  15  1:55  Drone  
  17  2:10  Overlord  
  17  2:29  Drone  
  18  2:32  Queen  
  20  3:22  Queen  
  22  3:37  Drone x3  
  25  3:50  Queen  
  25  3:53  Drone  
  25  3:54  Drone  
  29  4:24  Drone x2  
  31  5:30  Zergling x8  
  31  5:36  Overlord  
  31  5:37  Overlord  
  35  6:18  Zergling x10  
  40  6:22  Overlord  
  40  6:30  Drone x4  
  44  7:08  Drone x4  
  48  7:18  Drone x2  
  50  8:08  Extractor  
  49  8:23  Drone  
  49  8:24  Drone x2  
  49  8:26  Extractor  
  51  9:28  Extractor  
  49  10:49  Drone  
  50  10:50  Drone  
  50  10:55  Zergling x2  
  50  10:56  Zergling x6  
  55  11:05  Lair  
  55  11:27  Evolution Chamber  
  54  11:30  Roach Warren  
  53  13:35  Glial Reconstitution  
  53  13:37  Zerg Melee Weapons Level 1  
  53  14:18  Hatchery  
  52  14:36  Roach x2  
  52  14:37  Roach x5  
  52  14:38  Roach  
  68  14:47  Overlord  
  68  14:48  Overlord x3  
  68  14:59  Pneumatized Carapace  
  68  15:39  Roach  
  70  15:40  Roach x5  
  70  15:46  Roach x4  
  70  15:47  Roach x6  
  100  15:53  Overlord  
  100  15:54  Overlord  
  100  16:17  Zerg Missile Weapons Level 1  
  100  16:32  Spine Crawler  
  99  16:42  Roach x3  
  105  16:51  Roach x6  
Tags
 
Matchup
Co-op
Replay Pack
re
Add a new tag
Caveats
  • Supply blocks, unpowered buildings, or Contaminate may cause inaccurate times.
  • Supply counts are checked every 10 seconds.